 Dungeon Crawl Stone Soup version 0.29-a0-838-g385bb11a5b (webtiles) character file.

Game seed: 11800959927921157104

884 ytrimaz the Summoner (level 8, -8/46 HPs)
             Began as an Octopode Summoner on July 14, 2022.
             Mangled by a killer bee (9 damage)
             ... on level 5 of the Dungeon.
             The game lasted 00:17:35 (6797 turns).

ytrimaz the Summoner (Octopode Summoner)            Turns: 6797, Time: 00:17:36

Health: -8/46      AC:  1    Str: 10    XL:     8   Next: 5%
Magic:  9/23       EV: 13    Int: 19    God:
Gold:   442        SH:  0    Dex: 13    Spells: 2/15 levels left

rFire   . . .      SeeInvis +   (no weapon)
rCold   . . .      Faith    .   (no shield)
rNeg    + + +      Spirit   .   (helmet restricted)
rPois   .          Reflect  .   (no amulet)
rElec   .          Harm     .   b - +6 ring of strength
rCorr   .          Rampage  .   o - ring of positive energy
Will    ++...                   f - ring "Lypotrag" {rN++ Will+ MP+9 Str-3}
Stlth   +++.......              m - ring of willpower
HPRegen 0.15/turn               v - ring of see invisible
MPRegen 0.18/turn               (no ring)
                                (no ring)
                                (no ring)

@: lethally poisoned (-8 -> -31), very slightly contaminated
A: almost no armour, amphibious, 8 rings, camouflage 1, gelatinous body 1,
(nimble swimmer 1), tentacles
a: no special abilities


You were on level 5 of the Dungeon.
You visited 2 branches of the dungeon, and saw 8 of its levels.

You collected 442 gold pieces.

Inventory:

Jewellery
 b - a +6 ring of strength (left tentacle)
 f - the ring "Lypotrag" (on tentacle) {rN++ Will+ MP+9 Str-3}
   (You acquired it on level 4 of the Dungeon)

   [ring of magical power]

   Str:       It affects your strength (-3).
   rN:        It greatly protects you from negative energy.
   MP:        It affects your magic capacity (+9).
   Will:      It increases your willpower.
 m - a ring of willpower (on tentacle)
 o - a ring of positive energy (right tentacle)
 u - a +4 ring of slaying
 v - a ring of see invisible (on tentacle)
Wands
 h - a wand of polymorph (10)
 s - a wand of roots (12)
Scrolls
 e - a scroll of fog
 j - 2 scrolls of vulnerability
 l - a scroll of torment
Potions
 a - 2 potions of magic
 d - a potion of brilliance
 g - a potion of flight
 i - 2 potions of heal wounds
 k - 3 potions of mutation {unknown}
 n - 2 potions of haste {unknown}
 p - 2 potions of attraction {unknown}
 r - a potion of degeneration {unknown}
 t - 2 potions of lignification {unknown}


   Skills:
 - Level 2.0 Dodging
 - Level 2.6 Stealth
 - Level 4.4 Spellcasting
 * Level 2.6 Hexes
 + Level 8.1 Summonings


You had 2 spell levels left.
You knew the following spells:

 Your Spells              Type           Power      Damage    Failure   Level
a - Call Canine Familiar  Summ           35%        N/A       1%          3
b - Summon Guardian Gole  Hex/Summ       24%        N/A       4%          3
c - Summon Lightning Spi  Summ/Air       19%        N/A       24%         4
d - Call Imp              Summ           35%        N/A       1%          2
e - Summon Small Mammal   Summ           100%       N/A       1%          1

Your spell library contained the following spells:

 Spells                   Type           Power      Damage    Failure   Level


Dungeon Overview and Level Annotations

Branches:
Dungeon (7/15)             Temple (1/1) D:4

Altars:
Ashenzari
Cheibriados
Dithmenos
Fedhas
Hepliaklqana
Kikubaaqudgha
Makhleb
Qazlal
Ru
Trog
Uskayaw
Wu Jian
Yredelemnul
The Shining One

Shops:
D:4 **

Annotations:
D:3 2 transporters, indigestion's ghost, amateur OpFE
D:6 exclusion: ogre


Innate Abilities, Weirdness & Mutations

You cannot wear most types of armour.
You are amphibious.
You can wear up to eight rings at the same time.
Your skin changes colour to match your surroundings (Stealth+).
Your rubbery body absorbs attacks. (AC +1, EV +1)
((You are camouflaged when in or above water. (Stealth+)))
You have tentacles for arms and can constrict up to eight enemies at once.


Message History

Casting: Summon Lightning Spire (quite dangerous; 24% risk of failure)
Confirm with . or Enter, or press ? or * to list all spells.
Okay, then.
You feel very sick.
Something stings the bush but does no damage.
Your wolf bites the bush but does no damage.
The killer bee misses you.
Something stings the bush.
Your wolf bites the bush but does no damage.
It was a potion of heal wounds.
You feel much better.
You feel very sick.
Something stings the bush but does no damage.
Your wolf bites the bush.
The killer bee stings you! The killer bee barely misses you.
Your wolf bites the bush.
Okay, then.
Casting: Summon Lightning Spire (quite dangerous; 24% risk of failure)
Confirm with . or Enter, or press ? or * to list all spells.
The spell is quite dangerous to miscast (24% risk of failure)!
Continue anyway?
Okay, then.
Casting: Summon Lightning Spire (quite dangerous; 24% risk of failure)
Confirm with . or Enter, or press ? or * to list all spells.
A guardian golem appears, shielding your allies.
You feel very sick.
Your guardian golem disappears in a puff of smoke!
The killer bee stings you!
You are lethally poisoned!
The killer bee poisons you! The killer bee stings you.
Your wolf bites the bush but does no damage.
The killer bee closely misses you. The killer bee stings you!
* * * LOW HITPOINT WARNING * * *
You are more poisoned.
The killer bee poisons you!
Something stings the bush!
Casting: Summon Guardian Golem (dangerous; 4% risk of failure)
Confirm with . or Enter, or press ? or * to list all spells.
* * * LOW HITPOINT WARNING * * *
You feel extremely sick.
Your wolf disappears in a puff of smoke!
The killer bee completely misses you. The killer bee stings you.
* * * LOW HITPOINT WARNING * * *
The killer bee stings you!
You die... ####### #.....######## #.PPP.PPPP..P##

#.P...P.P.....#
#.P.P.P.P...P.########
#...Pyy§P.PyP.........
#.PPP@P9P.P.P.........
###.P..hP..§..P.........
####.#.PPPPPPP.PPP........#
#....#.P.P[P...P.P........#
#..))#.P.P.P.P.P.P........#
#..))#.P.....P...P........#
#....#.P.PPPPPPP.P#........
#....#.P.......P.P.........
#....##PPP.PPPPPPP#........


You could see 2 killer bees, a friendly guardian golem (summoned) and a friendly
wolf (summoned).

Vanquished Creatures
  A killer bee (D:5)
  A gnoll bouda (D:5)
  A hound (D:4)
  An adder (D:3)
  An orc (D:6)
  A ball python (D:2)
  A bat (D:3)
  2 endoplasms (D:2)
  2 quokkas
  A goblin (D:3)
12 creatures vanquished.

Vanquished Creatures (collateral kills)
  Grinder (D:3)
  A phantom (D:6)
  2 killer bees (D:5)
  2 hounds
  Ijyb (D:4)
  4 gnolls
  7 adders
  An ufetubus (D:4)
  A worm (D:3)
  3 dart slugs
  6 orcs
  2 bats
  4 endoplasms
  6 giant cockroaches
  8 goblins
  4 hobgoblins
  12 kobolds
  5 quokkas
  8 ball pythons
  5 frilled lizards
  3 rats
86 creatures vanquished.

Vanquished Creatures (others)
  A water moccasin (D:5)
  3 gnolls (D:5)
  4 bushes (D:5)
  4 toadstools (D:3)
12 creatures vanquished.

Grand Total: 110 creatures vanquished

Notes
Turn   | Place    | Note
-------+----------+-------------------------------------------
     0 | D:1      | ytrimaz the Octopode Summoner began the quest for the Orb.
     0 | D:1      | Reached XP level 1. HP: 11/11 MP: 3/3
   217 | D:1      | Noticed a great orb of eyes
   229 | D:1      | Noticed a shining eye
   255 | D:1      | Found a faded altar of an unknown god.
   257 | D:1      | Noticed an eye of devastation
   257 | D:1      | Noticed a great orb of eyes
   324 | D:1      | Reached XP level 2. HP: 17/17 MP: 3/5
   393 | D:1      | Learned a level 2 spell: Call Imp
  1320 | D:1      | Reached XP level 3. HP: 21/21 MP: 3/6
  1324 | D:1      | Learned a level 3 spell: Call Canine Familiar
  2297 | D:2      | Reached XP level 4. HP: 23/27 MP: 8/8
  2644 | D:2      | Reached skill level 5 in Summonings
  3010 | D:2      | Learned a level 3 spell: Summon Guardian Golem
  3040 | D:3      | Noticed Grinder
  3130 | D:3      | Paralysed by Grinder for 5 turns
  3141 | D:3      | Killed Grinder
  3142 | D:3      | Reached XP level 5. HP: 23/31 MP: 3/11
  3142 | D:3      | Reached XP level 6. HP: 27/36 MP: 3/12
  3643 | D:3      | Reached skill level 6 in Summonings
  3828 | D:3      | Noticed indigestion's ghost (amateur OpFE)
  3829 | D:3      | Found a transporter.
  3829 | D:3      | Found a transporter.
  4051 | D:3      | Learned a level 4 spell: Summon Lightning Spire
  4202 | D:4      | Found a staircase to the Ecumenical Temple.
  4207 | Temple   | Entered the Ecumenical Temple
  4461 | D:4      | Identified a scroll of acquirement
  4461 | D:4      | Acquired the ring "Lypotrag" {rN++ Will+ MP+9 Str-3}
  4590 | D:4      | Identified the +1 leather armour "Enofust" {rC+ Str+5
                  | Dex-4}
  4644 | D:4      | Noticed Ijyb
  4796 | D:4      | Found Zethraps's Specific Store.
  4803 | D:4      | Killed Ijyb
  4804 | D:4      | Reached skill level 1 in Hexes
  4969 | D:4      | Found Lusenosh's General Store.
  4971 | D:4      | You fall into a shaft and drop 3 floors!
  5049 | D:5      | Entered Level 5 of the Dungeon
  5049 | D:5      | Noticed a water moccasin
  5130 | D:6      | Reached XP level 7. HP: 39/41 MP: 13/13
  5238 | D:6      | Found a hide-covered altar of Uskayaw.
  5450 | D:4      | Reached skill level 7 in Summonings
  6750 | D:5      | Reached skill level 8 in Summonings
  6750 | D:5      | Reached XP level 8. HP: 24/46 MP: 14/14
  6797 | D:5      | HP: 1/46 [killer bee (5)]
  6797 | D:5      | Mangled by a killer bee

Illustrated notes

Levels and vault maps discovered:
D:1:      zaba_arrival_water, layout_basic,
          hellmonk_ecumenical_altar_watching_god
D:2:      layout_loops_ring, minmay_misc_feat_enclosed, minmay_misc_feat_cross
D:3:      layout_rooms, gammafunk_ghost_smash, hangedman_decor_riveting,
          minmay_gold_behind_fungi, uniq_grinder
D:4:      layout_cave_pools, temple_statues, nicolae_specific_store,
          nicolae_eternal_life, uniq_ijyb
D:5:      layout_basic, nicolae_vehumet_altar_sigil, minmay_hedge_maze,
          nicolae_concentric_dashed_squares_mild
D:6:      layout_gridville, nicolae_gozag_cash_rules_everything_around_me,
          mainiacjoe_overflow_cross_hatched
D:7:      layout_cave_pools, nicolae_sif_muna_little_library
Temple:   nicolae_temple_figure_eight

Skill      XL: |  1  2  3  4  5  6  7 |
---------------+----------------------+-----
Spellcasting   | 4 |  4.4
Summonings     | 5 6 8 |  8.1
Hexes          | 1 2 |  2.6
Dodging        | |  2.0
Stealth        | |  2.6

Action                   |  1- 3 |  4- 6 |  7- 9 || total
-------------------------+-------+-------+-------++-------
Melee: Unarmed           |     6 |    22 |    21 ||    49
       Constrict         |     2 |     7 |     7 ||    16
       Tentacles         |     1 |     6 |     9 ||    16
       Punch             |     1 |     1 |       ||     2
 Cast: Summon Small Mamm |    11 |     5 |     4 ||    20
       Call Imp          |    25 |    11 |     2 ||    38
       Call Canine Famil |     2 |    33 |    19 ||    54
       Summon Guardian G |       |       |     8 ||     8
       Summon Lightning  |       |       |     2 ||     2
  Use: Scroll            |     1 |     7 |     6 ||    14
       Potion            |       |     1 |     7 ||     8
 Stab: Sleeping          |     1 |       |       ||     1
Armor: Skin              |     1 |     4 |     1 ||     6
Dodge: Dodged            |    17 |    33 |    35 ||    85

Table legend: (Time is in decaauts)
 A = Elapsed time spent in this place.
 B = Non-inter-level travel time spent in this place.
 C = Inter-level travel time spent in this place.
 D = Time resting spent in this place.
 E = Time spent auto-exploring this place.
 F = Levels seen in this place.
 G = Mean time per level.
                   A        B        C        D        E       F      G
               +--------+--------+--------+--------+--------+-----+--------+
         Total |   6799 |   6716 |     83 |    996 |   4313 |   8 |  849.9 |
       Dungeon |   6566 |   6494 |     72 |    996 |   4109 |   7 |  938.0 |
        Temple |    232 |    221 |     11 |      0 |    204 |   1 |  232.0 |
               +--------+--------+--------+--------+--------+-----+--------+

Top non-repeatable levels by time:
     D:1: 1559 daAuts
     D:2: 1476 daAuts
     D:4: 1253 daAuts
     D:3: 1165 daAuts
     D:5: 790 daAuts
     D:6: 248 daAuts
  Temple: 232 daAuts
     D:7: 74 daAuts
